 Dungeon Crawl Stone Soup version 0.27-a0-577-ge2a43ba0c9 (webtiles) character file.

Game seed: 853487749407829240

117 Anon1729 the Cudgeller (level 4, 0/40 HPs)
             Began as a Palentonga Warper on Mar 9, 2021.
             Slain by a goblin
             ... wielding a +0 club
              (3 damage)
             ... on level 3 of the Dungeon.
             The game lasted 00:03:44 (2543 turns).

Anon1729 the Cudgeller (Palentonga Warper)          Turns: 2543, Time: 00:03:45

Health: 0/40       AC:  5    Str: 15    XL:     4   Next: 71%
Magic:  7/7        EV: 13    Int: 14    God:
Gold:   82         SH:  0    Dex:  9    Spells: 5/7 levels left

rFire    . . .     SeeInvis +   a - +0 mace
rCold    . . .     Faith    .   (no shield)
rNeg     . . .     Spirit   .   b - +0 leather armour
rPois    .         Reflect  .   l - +0 helmet
rElec    .         Harm     .   (no cloak)
rCorr    .         Rampage  .   (no gloves)
Will     .....                  (no barding)
Stlth    +.........             (no amulet)
HPRegen  0.13/turn              f - +4 ring of evasion
MPRegen  0.10/turn              (no ring)

@: no status effects
A: large, rugged brown scales 3, see invisible, deformed body, roll 1, armoured
tail
a: Rolling Charge


You were on level 3 of the Dungeon.
You visited 1 branch of the dungeon, and saw 3 of its levels.

You collected 82 gold pieces.

Inventory:

Hand Weapons
 a - a +0 mace (weapon)
 r - a +0 whip
Missiles
 e - 4 boomerangs of dispersal
 p - 4 boomerangs
Armour
 b - a +0 leather armour (worn)
 l - a +0 helmet (worn)
Jewellery
 f - a +4 ring of evasion (left hand)
Scrolls
 c - a scroll of enchant weapon {unknown}
 d - a scroll of blinking
 h - a scroll of fog {unknown}
 j - a scroll of identify {unknown}
 m - a scroll of fear {unknown}
 n - 2 scrolls of teleportation {unknown}
 o - 5 scrolls of immolation {unknown}
 q - a scroll of random uselessness {unknown}
Potions
 g - a potion of degeneration {unknown}
 i - 3 potions of curing {unknown}
 k - a potion of lignification {unknown}


   Skills:
 + Level 3.1 Fighting
 * Level 4.0 Maces & Flails
 - Level 0.8 Throwing
 - Level 1.0 Armour
 - Level 1.6 Dodging
 - Level 2.1 Spellcasting
 - Level 3.0 Translocations


You had 5 spell levels left.
You knew the following spells:

 Your Spells              Type           Power      Damage    Failure   Level
a - Blink                 Tloc           N/A        N/A       12%         2

Your spell library contained the following spells:

 Spells                   Type           Power      Damage    Failure   Level
 Gell's Gravitas          Tloc           5%         N/A       24%         3
 Lesser Beckoning         Tloc           5%         N/A       24%         3
 Teleport Other           Tloc           10%        N/A       24%         3
 Manifold Assault         Tloc           10%        N/A       63%         4


Dungeon Overview and Level Annotations

Branches:
Dungeon (3/15)

Altars:


Innate Abilities, Weirdness & Mutations

You are completely covered in rugged brown scales. (AC +3, +7% HP)
You have supernaturally acute eyesight. (SInv)
Armour fits poorly on your strangely shaped body.
You can roll at nearby foes to attack.
You have a long armoured tail.


Message History

No target in view!
No target in view!
Things that are here:
3 stones; a +0 leather armour; a kobold corpse
There is a stone staircase leading up, spattered with blood here.
Items here: ( )) ††.
There is a stone staircase leading up, spattered with blood here.
Found an escape hatch in the floor.
A worm comes into view.
Found 16 arrows.
A worm is nearby!
A worm is nearby!
You barely miss the worm. You completely miss the worm. The worm bites you!
You barely miss the worm. The worm bites you!
You hit the worm. You tail-slap the worm.
The worm is moderately wounded.
The worm bites you!
You are too injured to fight recklessly!
You are too injured to fight recklessly!
You are too injured to fight recklessly!
You are too injured to fight recklessly!
You are too injured to fight recklessly!
You are too injured to fight recklessly!
You are too injured to fight recklessly!
A worm is nearby!
You hit the worm.
The worm is heavily wounded.
You hit the worm.
The worm is almost dead.
The worm bites you!
* * * LOW HITPOINT WARNING * * *
A goblin comes into view. It is wielding a +0 club.
The goblin shouts!
The goblin hits you with a +0 club.
* * * LOW HITPOINT WARNING * * *
There is a stone staircase leading up, spattered with blood here.
Items here: ( )) ÷÷.
You barely miss the goblin. The goblin hits you with a +0 club.
You die...

#.# #..[....g #.#
#...g.g.#
#.#####.##g##.#
###.#>.......#
#.###......#.#g###
.........(..###.##
.>.........## ##.#
#####.#.###.###.##
####.#.####<#@##
#.......# ##g##
#.##.#..# ###
#.#w.########
#.##............
#.............##
#.####..#####.#
#.......#
#.####.##


You could see a goblin.

Vanquished Creatures
  Robin (D:2)
  4 gnolls
  An adder (D:2)
  An ooze (D:1)
  A dart slug (D:1)
  A leopard gecko (D:2)
  2 ball pythons (D:1)
  A giant cockroach (D:2)
  13 goblins
  8 hobgoblins
  4 kobolds
  6 bats
  2 frilled lizards (D:2)
  6 rats
51 creatures vanquished.

Notes
Turn   | Place    | Note
-------+----------+-------------------------------------------
     0 | D:1      | Anon1729 the Palentonga Warper began the quest for the Orb.
     0 | D:1      | Reached XP level 1. HP: 18/18 MP: 3/3
    29 | D:1      | Reached skill level 1 in Armour
    73 | D:1      | Reached XP level 2. HP: 17/25 MP: 5/5
   769 | D:2      | Noticed Robin
   827 | D:1      | Reached XP level 3. HP: 13/32 MP: 6/6
  1288 | D:2      | Killed Robin
  1289 | D:2      | Reached skill level 3 in Maces & Flails
  1412 | D:2      | Learned a level 2 spell: Blink
  1727 | D:2      | Reached XP level 4. HP: 39/39 MP: 7/7
  2286 | D:2      | Reached skill level 4 in Maces & Flails
  2537 | D:3      | HP: 2/40 [goblin/+0 club (6)]
  2543 | D:3      | Slain by a goblin

Illustrated notes

Levels and vault maps discovered:
D:1:      minmay_arrival_wavy_path, layout_basic
D:2:      layout_rooms, uniq_robin
D:3:      layout_loops_ring, uniq_ijyb, uniq_crazy_yiuf_cottage

Skill      XL: |  1  2  3  4 |
---------------+-------------+-----
Armour         | 1 |  1.0
Maces & Flails | 3 4 |  4.0
Fighting       | 3 |  3.1
Throwing       | |  0.8
Dodging        | |  1.6
Spellcasting   | |  2.1
Translocations | |  3.0

Action                   |  1- 3 |  4- 6 || total
-------------------------+-------+-------++-------
Melee: Mace              |   129 |    53 ||   182
       Tailslap          |    10 |     6 ||    16
Throw: Boomerang         |     1 |       ||     1
 Abil: Rolling Charge    |    10 |     3 ||    13
Armor: Leather armour    |    41 |    21 ||    62
Dodge: Dodged            |   105 |    45 ||   150

Table legend: (Time is in decaauts)
 A = Elapsed time spent in this place.
 B = Non-inter-level travel time spent in this place.
 C = Inter-level travel time spent in this place.
 D = Time resting spent in this place.
 E = Time spent auto-exploring this place.
 F = Levels seen in this place.
 G = Mean time per level.
                   A        B        C        D        E       F      G
               +--------+--------+--------+--------+--------+-----+--------+
         Total |   2595 |   2534 |     61 |    975 |   1119 |   3 |  865.0 |
       Dungeon |   2595 |   2534 |     61 |    975 |   1119 |   3 |  865.0 |
               +--------+--------+--------+--------+--------+-----+--------+

Top non-repeatable levels by time:
     D:1: 1301 daAuts
     D:2: 1193 daAuts
     D:3: 101 daAuts
